 Dungeon Crawl Stone Soup version 0.30.0 (webtiles) character file.

Game seed: 13806293636981251518

11 samcosmo the Sneak (level 2, -1/13 HPs)
             Began as a Spriggan Enchanter on May 9, 2023.
             Slain by a hobgoblin (5 damage)
             ... on level 1 of the Dungeon.
             The game lasted 00:00:53 (209 turns).

samcosmo the Sneak (Spriggan Enchanter)              Turns: 209, Time: 00:00:53

Health: -1/13      AC:  2    Str:  4    XL:     2   Next: 17%
Magic:  6/6        EV: 17    Int: 16    God:
Gold:   15         SH:  0    Dex: 15    Spells: 4/6 levels left

rFire   . . .        a - +1 dagger
rCold   . . .        (no shield)
rNeg    . . .        b - +0 robe
rPois   .            (helmet restricted)
rElec   .            (no cloak)
rCorr   .            (gloves unavailable)
SInv    +            (boots unavailable)
Will    .....        (no amulet)
Stlth   +++          (no ring)
HPRegen 0.22/turn    (no ring)
MPRegen 0.10/turn

%: no passive effects
@: very quick
A: very small, no large weapons, unfitting armour, see invisible, speed 3
a: no special abilities


You were on level 1 of the Dungeon.
You visited 1 branch of the dungeon, and saw 1 of its levels.

You collected 15 gold pieces.

Inventory:

Hand Weapons
 a - a +1 dagger (weapon)
Armour
 b - a +0 robe (worn)
Scrolls
 d - a scroll of silence {unknown}
 e - a scroll of immolation {unknown}
 f - 2 scrolls of enchant armour {unknown}
Potions
 c - 2 potions of invisibility
 g - a potion of cancellation {unknown}


   Skills:
 + Level 1.1 Short Blades
 + Level 2.7 Dodging
 + Level 4.9 Stealth
 + Level 2.7 Spellcasting
 * Level 4.0 Hexes


You had 4 spell levels left.
You knew the following spells:

 Your Spells              Type           Power      Damage    Failure   Level
a - Ensorcelled Hibernat  Hex/Ice        16%        N/A       13%         2

Your spell library contained the following spells:

 Spells                   Type           Power      Damage    Failure   Level
 Confusing Touch          Hex            15%        N/A       11%         3
 Tukima's Dance           Hex            15%        N/A       11%         3
 Dazzling Flash           Conj/Hex       16%        N/A       26%         3
 Cause Fear               Hex            7%         N/A       36%         4
 Dragon Form              Tmut           1%         N/A       100%        7
 Dragon's Call            Summ           1%         N/A       100%        9


Dungeon Overview and Level Annotations

Branches:
Dungeon (1/15)

Altars:


Innate Abilities, Weirdness & Mutations

You are very small and have problems with some larger weapons.
You are too small for most types of armour.
You have supernaturally acute eyesight. (SInv)
You cover ground extremely quickly. (Speed+++)


Message History

The ball python bites you. The ball python closely misses you.
The hobgoblin hits you.
You hit the hobgoblin.
The hobgoblin is heavily wounded.
The ball python barely misses you. The ball python closely misses you.
You closely miss the hobgoblin.
The hobgoblin is heavily wounded.
The hobgoblin completely misses you. The ball python closely misses you.
The ball python misses you.
You closely miss the hobgoblin.
The hobgoblin is heavily wounded.
The ball python misses you. The ball python barely misses you.
The hobgoblin barely misses you.
You closely miss the hobgoblin.
The hobgoblin is moderately wounded.
The ball python closely misses you. The ball python grabs you.
The ball python constricts you. The hobgoblin barely misses you.
You closely miss the ball python. The ball python misses you.
The ball python constricts you.
The hobgoblin hits you but does no damage.
The ball python bites you but does no damage.
The ball python constricts you.
You barely miss the ball python. The hobgoblin completely misses you.
The ball python bites you. The ball python constricts you.
You are too injured to fight recklessly!
You are too injured to fight recklessly!
You hit the ball python.
The ball python is severely wounded.
The hobgoblin completely misses you. The ball python barely misses you.
The ball python constricts you.
You hit the ball python.
You kill the ball python!
The hobgoblin closely misses you.
You closely miss the hobgoblin.
The hobgoblin is moderately wounded.
The hobgoblin hits you.
You hit the hobgoblin.
The hobgoblin is almost dead.
The hobgoblin hits you.
You die...

...#......
..###.##.. .. #
#..#..# #.#. .#
##...## ##..# #.#
###.# ...# ... #.#
# . ..###.####
####.####...#
#.........
..†...†.....#
#..g......
####.######.###.@#
#.# #.....## #.#
####.##
#.#########.#
#...........#
#############


You could see a hobgoblin.

Vanquished Creatures
  2 bats (D:1)
  A giant cockroach (D:1)
  A goblin (D:1)
  2 hobgoblins (D:1)
  4 ball pythons (D:1)
  A rat (D:1)
11 creatures vanquished.

Notes
Turn   | Place    | Note
-------+----------+-------------------------------------------
     0 | D:1      | samcosmo the Spriggan Enchanter began the quest for the
                  | Orb.
     0 | D:1      | Reached XP level 1. HP: 9/9 MP: 5/5
   126 | D:1      | Reached XP level 2. HP: 13/13 MP: 6/6
   168 | D:1      | Learned a level 2 spell: Ensorcelled Hibernation
   209 | D:1      | Slain by a hobgoblin

Illustrated notes

Levels and vault maps discovered:
D:1:      saegor_arrival_simple_a, layout_loops_ring, minmay_pentomino_x2

Skill      XL: |  1 |
---------------+----+-----
Hexes          | 4 |  4.0
Short Blades   | |  1.1
Dodging        | |  2.7
Stealth        | |  4.9
Spellcasting   | |  2.7

Action                     || total
---------------------------++-------
  Melee: Dagger            ||    36
   Stab: Sleeping          ||     1
 Armour: Robe              ||     8
  Dodge: Dodged            ||    35
